cohdb
Replays
Latest Replays
All Replays
Popular Replays
Top Player Replays
Match Explorer
How It Works
Community
CoH3 Stats
Reddit
Sign in to upload your games and track your stats! →
Sign in with Steam
Match 40139714
Unlisted
Match 40139714
Overview
Messages
Build Orders
End
Construct Barracks
Selects Special Operations Battlegroup
Selects M29 Weasel Recon Vehicle
M29 Weasel Recon Vehicle
Engineer Squad
Construct Barracks
Riflemen Squad
Riflemen Squad
Infantry Support Center
Construct Medical Station
Selects Smoke Screen
Smoke Screen
Construct Weapon Support Center
M3 Armored Personnel Carrier
Selects SSF Commando Squad
SSF Commando Squad
Construct Tank Depot
Smoke Screen
atank
Stormless
Meat Weapon
infernoVenom
0
0
Comments
sign in to comment!
No comments posted yet!